 Dungeon Crawl Stone Soup version 0.29.1-2-gbd0b4ee654 (webtiles) character file.

Game seed: 14432138243747676883

12691 Firos the Carver (level 11, -2/101 HPs)
             Began as a Minotaur Gladiator on Nov 14, 2022.
             Was a High Priest of Okawaru.
             Slain by a boulder beetle (12 damage)
             ... on level 11 of the Dungeon.
             The game lasted 00:21:46 (14393 turns).

Firos the Carver (Minotaur Gladiator)              Turns: 14393, Time: 00:21:47

Health: -2/101     AC: 21    Str: 20    XL:     11   Next: 65%
Magic:  11/11      EV: 11    Int: 11    God:    Okawaru [*****.]
Gold:   2016       SH:  5    Dex: 19    Spells: 10/10 levels left

rFire   . . .      SeeInvis .   a - +0 long sword
rCold   . . .      Faith    .   (no shield)
rNeg    . . .      Spirit   .   u - +6 chain mail of Patterns {Dex+4}
rPois   .          Reflect  +   c - +0 hat
rElec   .          Harm     .   (no cloak)
rCorr   +          Rampage  .   m - +1 pair of gloves
Will    .....      Clarity  +   y - +0 pair of boots
Stlth   ..........              B - amulet of reflection
HPRegen 0.26/turn               l - ring of resist corrosion
MPRegen 0.12/turn               G - +6 ring of intelligence

@: studying Earth Magic
A: horns 2, retaliatory headbutt, hooves 1, clarity
a: Renounce Religion, Heroism, Finesse, Duel


You were on level 11 of the Dungeon.
You worshipped Okawaru.
Okawaru was extremely pleased with you.
You visited 2 branches of the dungeon, and saw 12 of its levels.

You collected 2016 gold pieces.

Inventory:

Hand Weapons
 a - a +0 long sword (weapon)
 b - a +0 shortbow
Missiles
 d - 3 throwing nets (quivered)
 e - 2 javelins
Armour
 c - a +0 hat (worn)
 m - a +1 pair of gloves (worn)
 p - a +0 plate armour
 u - the +6 chain mail of Patterns (worn) {Dex+4}
   (You took it off an orc on level 5 of the Dungeon)

   Dex:       It affects your dexterity (+4).
 y - a +0 pair of boots (worn)
Jewellery
 l - a ring of resist corrosion (left hand)
 B - an amulet of reflection (around neck)
 G - a +6 ring of intelligence (right hand)
 J - an amulet of the acrobat
Wands
 x - a wand of roots (32)
 I - a wand of flame (10)
Scrolls
 f - 2 scrolls of fear
 g - 2 scrolls of immolation {unknown}
 h - 2 scrolls of silence
 i - 3 scrolls of vulnerability {unknown}
 k - 3 scrolls of poison {unknown}
 n - 4 scrolls of magic mapping {unknown}
 o - 4 scrolls of enchant armour {unknown}
 q - 3 scrolls of butterflies {unknown}
 A - a scroll of noise {unknown}
 C - 3 scrolls of brand weapon {unknown}
 E - a scroll of blinking {unknown}
 F - a scroll of summoning {unknown}
 H - 2 scrolls of identify
Potions
 r - a potion of brilliance
 s - 3 potions of haste {unknown}
 t - a potion of attraction {unknown}
 v - 3 potions of flight
 w - 5 potions of lignification {unknown}
 z - 2 potions of curing {unknown}
 D - 4 potions of might {unknown}
 K - a potion of cancellation {unknown}


   Skills:
 + Level 10.4 Fighting
 + Level 14.5 Long Blades
 * Level 7.5 Ranged Weapons
 - Level 2.0 Throwing
 + Level 9.4 Armour
 - Level 6.5 Dodging
 + Level 2.0 Invocations


You had 10 spell levels left.
You didn't know any spells.
Your spell library contained the following spells:

 Spells                   Type           Power      Damage    Failure   Level
 Ensorcelled Hibernation  Hex/Ice        0%         N/A       98%         2
 Conjure Flame            Conj/Fire      0%         6-21      100%        3
 Gell's Gravitas          Tloc           0%         N/A       100%        3
 Ignite Poison            Fire/Tmut/Pois 0%         N/A       100%        3
 Mephitic Cloud           Conj/Pois/Air  0%         N/A       100%        3
 Spider Form              Tmut/Pois      0%         N/A       100%        3
 Teleport Other           Tloc           0%         N/A       100%        3
 Anguish                  Hex/Necr       0%         N/A       100%        4
 Sticky Flame             Conj/Fire      0%         2d3       100%        4
 Blade Hands              Tmut           0%         N/A       100%        5
 Freezing Cloud           Conj/Ice/Air   0%         6-21      100%        5
 Dispersal                Tloc           0%         N/A       100%        6
 Iron Shot                Conj/Erth      0%         9d1       100%        6
 Animate Armour           Summ/Erth      Unusable   N/A       N/A         4

Dungeon Overview and Level Annotations

Branches:
Dungeon (11/15)            Temple (1/1) D:6             Orc (0/2) D:9
   Lair: D:8-11

Altars:
Ashenzari
Cheibriados
Elyvilon
Fedhas
Gozag
Hepliaklqana
Kikubaaqudgha
Makhleb
Nemelex Xobeh
Okawaru
Qazlal
Ru
Sif Muna
Trog
Uskayaw
Vehumet
Wu Jian
Xom
Yredelemnul
Zin
The Shining One


Innate Abilities, Weirdness & Mutations

You have a pair of horns on your head.
You reflexively headbutt those who attack you in melee.
You have large cloven feet.
You possess an exceptional clarity of mind.


Message History

The boulder beetle stops rolling and uncurls.
You hit the boulder beetle but do no damage.
The boulder beetle bites you!
You hit the boulder beetle but do no damage.
You slash the boulder beetle! You headbutt the boulder beetle.
The boulder beetle is moderately wounded.
The boulder beetle bites you!
You barely miss the boulder beetle.
The boulder beetle is moderately wounded.
The boulder beetle waves its antennae.
You block the boulder beetle's attack.
You hit the boulder beetle.
The boulder beetle is moderately wounded.
The boulder beetle leaps!
The boulder beetle bites you!
* * * LOW HITPOINT WARNING * * *
You see here a bullfrog corpse.
You hit the boulder beetle but do no damage.
You headbutt the boulder beetle, but do no damage.
The boulder beetle is moderately wounded.
You slash the boulder beetle!
The boulder beetle is heavily wounded.
The boulder beetle bites you but does no damage.
You slash the boulder beetle!
The boulder beetle is heavily wounded.
You block the boulder beetle's attack.
You hit the boulder beetle but do no damage.
You headbutt the boulder beetle!
You punch the boulder beetle, but do no damage.
The boulder beetle is severely wounded.
You barely miss the boulder beetle.
You punch the boulder beetle, but do no damage.
The boulder beetle is severely wounded.
The boulder beetle bites you!
* * * LOW HITPOINT WARNING * * *
You slash the boulder beetle!
You headbutt the boulder beetle, but do no damage.
The boulder beetle is severely wounded.
The boulder beetle bites you!
You die...

.........○
.........
........#
........#
#######.# #.#
#.# .# #B# .##
#@#####..#
#........#
#####........#
##............#
..............#
..............#
#########.....#
......#.....#
......#))...#


You could see a boulder beetle.

Vanquished Creatures
  A boulder beetle (D:10)
  5 two-headed ogres
  A catoblepas (D:10)
  Pikel (D:8)
  An orange demon (D:11)
  2 gargoyles (D:10)
  A hellwing (D:11)
  An ice devil (D:11)
  4 trolls
  Grinder (D:5)
  3 shadows
  A ynoxinul (D:11)
  2 wyverns (D:9)
  2 basilisks (D:10)
  2 steam dragons (D:7)
  Edmund (D:6)
  An acid dragon (D:10)
  3 water moccasins
  2 ice beasts
  An orc warrior (D:9)
  3 black bears
  3 ogres (D:5)
  3 centaurs
  A lemure (D:8)
  2 phantoms (D:9)
  2 kobold brigands (D:9)
  A necrophage (D:4)
  6 bullfrogs
  2 scorpions
  8 killer bees
  2 troll zombies (D:9)
  9 howler monkeys
  A vampire bat (D:4)
  4 jellies
  2 gnoll boudas
  3 orc priests
  A hound (D:7)
  6 iguanas
  Jessica (D:2)
  10 orc wizards
  6 ogre zombies (D:9)
  Robin (D:2)
  8 gnolls (D:6)
  5 adders
  A shadow imp (D:6)
  5 white imps
  4 worms
  A dart slug (D:2)
  19 orcs
  13 bats
  4 endoplasms
  8 giant cockroaches
  16 goblins
  6 hobgoblins
  5 jackals
  19 kobolds
  2 quokkas
  9 ball pythons
  12 frilled lizards
  A goblin zombie (D:9)
  A hobgoblin skeleton (D:9)
  3 hobgoblin zombies (D:9)
  3 orc skeletons (D:9)
  16 orc zombies (D:9)
  10 rats
284 creatures vanquished.

Vanquished Creatures (others)
  4 demonic plants (D:11)
  45 fungi (D:11)
  43 plants
92 creatures vanquished.

Grand Total: 376 creatures vanquished

Notes
Turn   | Place    | Note
-------+----------+-------------------------------------------
     0 | D:1      | Firos the Minotaur Gladiator began the quest for the Orb.
     0 | D:1      | Reached XP level 1. HP: 18/18 MP: 0/0
   222 | D:1      | Reached skill level 4 in Long Blades
   292 | D:1      | Reached XP level 2. HP: 25/25 MP: 1/1
   675 | D:1      | You fall into a shaft and drop 1 floor!
   728 | D:2      | Reached XP level 3. HP: 31/31 MP: 2/2
   902 | D:2      | Noticed Jessica
   916 | D:2      | Killed Jessica
   969 | D:1      | Reached XP level 4. HP: 7/38 MP: 3/3
   969 | D:1      | Gained mutation: Your muscles are strong. (Str +4, Int/Dex
                  | -1) [potion of mutation]
   969 | D:1      | Gained mutation: Your body sometimes deteriorates upon
                  | taking damage. [potion of mutation]
   969 | D:1      | Gained mutation: Your mind is acute. (Int +4, Str/Dex -1)
                  | [potion of mutation]
   970 | D:1      | Reached skill level 5 in Long Blades
  1617 | D:2      | Noticed Robin
  1950 | D:2      | Killed Robin
  2482 | D:3      | Lost mutation: Your mind is acute. (Int +4, Str/Dex -1)
                  | [potion of mutation]
  2482 | D:3      | Lost mutation: Your muscles are strong. (Str +4, Int/Dex
                  | -1) [potion of mutation]
  2482 | D:3      | Gained mutation: You are partially covered in iridescent
                  | scales. (AC +2) [potion of mutation]
  2482 | D:3      | Gained mutation: You have large cloven feet. [potion of
                  | mutation]
  2482 | D:3      | Gained mutation: Your mind is acute. (Int +4, Str/Dex -1)
                  | [potion of mutation]
  2483 | D:3      | Lost mutation: Your body sometimes deteriorates upon taking
                  | damage. [potion of mutation]
  2483 | D:3      | Lost mutation: You are partially covered in iridescent
                  | scales. (AC +2) [potion of mutation]
  2483 | D:3      | Lost mutation: Your mind is acute. (Int +4, Str/Dex -1)
                  | [potion of mutation]
  2483 | D:3      | Gained mutation: You possess an exceptional clarity of
                  | mind. [potion of mutation]
  2555 | D:3      | Reached XP level 5. HP: 32/46 MP: 4/4
  3559 | D:4      | Reached skill level 6 in Long Blades
  3559 | D:4      | Reached skill level 1 in Armour
  3559 | D:4      | Reached XP level 6. HP: 48/52 MP: 5/5
  3560 | D:4      | Identified 2 scrolls of acquirement
  3561 | D:4      | Acquired 555 gold pieces
  3563 | D:4      | Acquired 874 gold pieces
  3630 | D:4      | Identified the +2 ring mail of the Loofah {rF- MP+9 Str+9
                  | Int-2}
  4193 | D:4      | Found a sparkling altar of Nemelex Xobeh.
  4195 | D:4      | Found a basalt altar of Yredelemnul.
  4267 | D:5      | Entered Level 5 of the Dungeon
  4402 | D:5      | Reached skill level 7 in Long Blades
  4402 | D:5      | Reached skill level 5 in Dodging
  4402 | D:5      | Reached XP level 7. HP: 30/60 MP: 6/6
  4619 | D:5      | Reached skill level 5 in Fighting
  5112 | D:5      | Noticed Grinder
  5125 | D:5      | Killed Grinder
  5126 | D:5      | Reached skill level 8 in Long Blades
  5126 | D:5      | Reached XP level 8. HP: 26/70 MP: 7/7
  5356 | D:5      | Found a large runed translucent door.
  5357 | D:5      | Found a large runed translucent door.
  5378 | D:5      | Identified the +6 chain mail of Patterns {Dex+4}
  5788 | D:5      | Found a stormy altar of Qazlal.
  5807 | D:5      | Found a shimmering altar of Xom.
  5891 | D:6      | Identified the +1 leather armour of Inquiry {rElec Str+3}
  6027 | D:6      | Noticed Edmund
  6052 | D:6      | Killed Edmund
  6215 | D:6      | Reached skill level 9 in Long Blades
  6640 | D:6      | Found a staircase to the Ecumenical Temple.
  6649 | Temple   | Entered the Ecumenical Temple
  6921 | D:6      | Reached skill level 5 in Armour
  7200 | D:7      | Reached XP level 9. HP: 28/78 MP: 8/8
  7202 | D:7      | Reached skill level 10 in Long Blades
  7624 | D:7      | Found an iron altar of Okawaru.
  7693 | D:7      | Became a worshipper of Warmaster Okawaru
  8100 | D:8      | Noticed Pikel
  8118 | D:8      | Killed Pikel
  8119 | D:8      | Reached skill level 11 in Long Blades
  8228 | D:8      | Noticed a troll
  8235 | D:8      | Killed a troll
  8235 | D:8      | Reached * piety under Okawaru
  8315 | D:8      | Noticed a two-headed ogre
  8326 | D:8      | Killed a two-headed ogre
  8327 | D:8      | Reached skill level 12 in Long Blades
  8327 | D:8      | Reached XP level 10. HP: 53/90 MP: 9/9
  8328 | D:8      | Reached ** piety under Okawaru
  8952 | D:9      | Noticed a two-headed ogre
  8966 | D:9      | Killed a two-headed ogre
  9333 | D:9      | Found a broken altar of Ashenzari.
  9633 | D:9      | Found a staircase to the Orcish Mines.
  9659 | D:9      | Reached *** piety under Okawaru
  9675 | D:9      | Reached skill level 13 in Long Blades
 10216 | D:10     | Entered Level 10 of the Dungeon
 10263 | D:10     | Noticed a two-headed ogre
 10283 | D:10     | Killed a two-headed ogre
 10284 | D:10     | Reached skill level 5 in Ranged Weapons
 10442 | D:10     | Found a sacrificial altar of Ru.
 10584 | D:10     | Noticed a gargoyle
 10615 | D:10     | Killed a gargoyle
 11030 | D:10     | Reached **** piety under Okawaru
 11116 | D:10     | Noticed a catoblepas
 11116 | D:10     | Found the +6 shillelagh "Devastator" {shatter}
 11125 | D:10     | Noticed a boulder beetle
 11129 | D:10     | Reached XP level 11. HP: 95/99 MP: 10/10
 11153 | D:10     | Killed a catoblepas
 11153 | D:10     | Received a gift from Okawaru
 11187 | D:10     | Noticed a two-headed ogre
 11668 | D:10     | Found a snail-covered altar of Cheibriados.
 11736 | D:10     | Killed a two-headed ogre
 12653 | D:10     | Noticed a two-headed ogre
 12664 | D:10     | Killed a two-headed ogre
 12665 | D:10     | Reached skill level 10 in Fighting
 12665 | D:10     | Reached skill level 14 in Long Blades
 12761 | D:10     | Found a burning altar of Makhleb.
 12761 | D:10     | Noticed an Executioner
 12877 | D:10     | Killed a boulder beetle
 13235 | D:11     | Reached skill level 1 in Invocations
 13350 | D:11     | Reached ***** piety under Okawaru
 13377 | D:11     | Noticed a boulder beetle
 13404 | D:11     | Noticed a boulder beetle
 14393 | D:11     | Slain by a boulder beetle

Illustrated notes

Levels and vault maps discovered:
D:1:      amcnicky_arrival_single_pillar, layout_loops_cross,
          chequers_mini_garden, minmay_cupped
D:2:      layout_basic, uniq_robin, uniq_jessica
D:3:      minmay_door_path, layout_basic
D:4:      layout_loops_ring, nicolae_overflow_hidden_temple, roderic_batcave,
          kennysheep_generic_room_12
D:5:      layout_cave_pods, jmf_multi_god_temple2, uniq_grinder
D:6:      layout_basic, minmay_temple_entry_arrows, minmay_lizard_king,
          uniq_edmund
D:7:      cheibrodos_steamvent, layout_rooms, okawaru_metal_pillars_3,
          nrook_campfire
D:8:      layout_basic, grunt_dithmenos_smoke_and_mirrors, uniq_pikel
D:9:      layout_loops_ring, mainiacjoe_overflow_surrounded_room,
          zombieorc2_lemuel, nicolae_lava_and_water
D:10:     minmay_roctagon, layout_grid_maze, makhleb_altar_promises_db,
          nicolae_ru_sacrificial_ziggurat, cheibrodos_worm_habitat, minivault_5,
          kennysheep_minor_cross, nicolae_concentric_dashed_squares_wild
D:11:     layout_irregular_city, due_lair_maze_entry_diamond, serial_demonic,
          serial_demonic_e, serial_demonic_e, serial_demonic_f, serial_demonic_g
Temple:   chequers_temple_sunken

Skill      XL: |  1  2  3  4  5  6  7  8  9 10 11 |
---------------+----------------------------------+-----
Long Blades    | 4 5 6 7 8 9 12 13 14 | 14.5
Fighting       | 3 4 5 6 8 9 10 | 10.4
Dodging        | 4 5 6 |  6.5
Armour         | 1 2 3 5 7 8 9 |  9.4
Ranged Weapons | 5 7 |  7.5
Invocations    | 2 |  2.0
Throwing       | |  2.0

Action                   |  1- 3 |  4- 6 |  7- 9 | 10-12 || total
-------------------------+-------+-------+-------+-------++-------
Melee: Long sword        |    74 |   147 |   285 |   492 ||   998
       Headbutt          |    12 |    30 |    58 |   150 ||   250
       Punch             |     1 |       |     2 |    12 ||    15
       Kick              |       |    28 |    43 |       ||    71
 Fire: Shortbow          |       |       |       |    31 ||    31
Throw: Throwing net      |       |     1 |       |       ||     1
Evoke: Wand              |       |       |       |     1 ||     1
  Use: Potion            |       |     3 |       |     5 ||     8
       Scroll            |       |     5 |     2 |     6 ||    13
 Stab: Petrified         |       |       |       |     3 ||     3
Armor: Leather armour    |    28 |    15 |       |       ||    43
       Plate armour      |       |    41 |    29 |       ||    70
       Chain mail        |       |       |   119 |   184 ||   303
Dodge: Dodged            |    55 |    85 |    95 |   188 ||   423
Block: Other             |       |       |     5 |    84 ||    89
